 Dungeon Crawl Stone Soup version 0.30-a0-879-ga8ba668304 (webtiles) character file.

Game seed: 2332040745396047915

2481 Pimp the Covered (level 9, -2/79 HPs)
             Began as an Armataur Cinder Acolyte on Mar 13, 2023.
             Was an Initiate of Vehumet.
             Slain by a fire elemental (10 damage)
             ... created by the fiery vengeance of Ignis
             ... on level 11 of the Dungeon.
             The game lasted 00:23:54 (7352 turns).

Pimp the Covered (Armataur Cinder Acolyte)          Turns: 7352, Time: 00:23:55

Health: -2/79      AC: 11    Str: 25    XL:     9   Next: 27%
Magic:  15/15      EV:  8    Int: 26    God:    Vehumet [......]
Gold:   333        SH:  0    Dex:  5    Spells: 6/16 levels left

rFire   . . .      SeeInvis .    a - +0 hand axe (flame)
rCold   . . .      Faith    .    (no shield)
rNeg    . . .      Spirit   .    l - +0 scale mail
rPois   .          Reflect  .    n - +1 helmet
rElec   .          Roll     +    w - +0 cloak
rCorr   .                        (no gloves)
Will    .....                    (no barding) Stlth
                                 u - amulet of the acrobat
HPRegen 0.33/turn                A - +6 ring of intelligence
MPRegen 0.14/turn                o - +6 ring of strength

@: fire susceptible
A: large, rugged brown scales 3, deformed body, armoured tail, roll, long
tongue, awkward tongue
a: Renounce Religion


You were on level 11 of the Dungeon.
You worshipped Vehumet.
Vehumet was noncommittal.
You visited 1 branch of the dungeon, and saw 9 of its levels.

You collected 333 gold pieces.

Inventory:

Hand Weapons
 a - a +0 hand axe of flaming (weapon)
 e - a +1 mace of holy wrath
 C - the +1 sling of Xom, Telling {antimagic, Dex+4}
   (You found it on level 7 of the Dungeon)

   Dex:       It affects your dexterity (+4).
Armour
 b - a +0 robe
 l - a +0 scale mail (worn)
 n - a +1 helmet (worn)
 w - a +0 cloak (worn)
Jewellery
 o - a +6 ring of strength (right hand)
 r - a ring of resist corrosion
 u - an amulet of the acrobat (around neck)
 x - a ring of willpower
 A - a +6 ring of intelligence (left hand)
Wands
 y - a wand of flame (11)
Scrolls
 d - 2 scrolls of teleportation
 f - 3 scrolls of blinking
 g - a scroll of magic mapping
 i - 2 scrolls of fog
 j - 4 scrolls of amnesia
 B - a scroll of poison
 D - a scroll of enchant weapon
Potions
 c - 3 potions of attraction
 h - 4 potions of curing
 k - a potion of haste
 m - 3 potions of brilliance
 p - 2 potions of flight
 q - a potion of magic {unknown}
 s - 3 potions of heal wounds
 t - 2 potions of mutation
 v - a potion of cancellation {unknown}
 z - a potion of lignification {unknown}
 E - a potion of degeneration {unknown}
 F - a potion of berserk rage
 G - a potion of might {unknown}


   Skills:
 + Level 5.2 Fighting
 + Level 4.8 Axes
 + Level 5.5 Armour
 + Level 3.4 Dodging
 + Level 4.2 Spellcasting
 + Level 1.4 Transmutations
 + Level 5.2 Fire Magic
 + Level 1.1 Air Magic
 + Level 1.4 Poison Magic


You had 6 spell levels left.
You knew the following spells:

 Your Spells              Type           Power      Damage    Failure   Level
a - Scorch                Fire           64%        2d8       3%          2
b - Poisonous Vapours     Pois/Air       24%        N/A       16%         2
c - Ignite Poison         Fire/Tmut/Pois 19%        N/A       19%         3
d - Kindle Blastsparks    Fire/Tloc/Air  32%        2d12      22%         3

Your spell library contained the following spells:

 Spells                   Type           Power      Damage    Failure   Level
 Wereblood                Tmut           13%        N/A       16%         2
 Cigotuvi's Dreadful Rot  Necr/Pois/Air  18%        N/A       21%         2
 Sublimation of Blood     Necr           5%         N/A       28%         2
 Mephitic Cloud           Conj/Pois/Air  9%         N/A       36%         3
 Dazzling Flash           Conj/Hex       10%        N/A       50%         3
 Portal Projectile        Hex/Tloc       10%        N/A       50%         3
 Freezing Cloud           Conj/Ice/Air   3%         6-21      99%         5
 Summon Hydra             Summ           2%         N/A       100%        7
 Necromutation            Tmut/Necr      4%         N/A       100%        8


Dungeon Overview and Level Annotations

Branches:
Dungeon (11/15)
 Temple: D:4-7         Lair: D:8-11         Orc: D:9-12

Altars:
Cheibriados
Elyvilon
Gozag
Hepliaklqana
Qazlal
Vehumet
Xom
Yredelemnul
Zin

Shops:
D:1 [   D:5 =   D:6 *

Annotations:
D:3 2 transporters, thurberlil's ghost, amateur NaIE


Innate Abilities, Weirdness & Mutations

You are completely covered in rugged brown scales. (AC +3, +7% HP)
Armour fits poorly on your strangely shaped body.
You have a long armoured tail.
You roll when moving toward enemies. (Rampage)
Your long tongue fully drains potion bottles. (2x potion effects)
Your tongue gives you trouble enunciating. (1.5x scroll delay)


Message History

You closely miss the fire elemental.
You tail-slap the fire elemental, but do no damage.
The fire elemental hits you. The fire elemental burns you!
The fire elemental closely misses you.
You slash the fire elemental!
Your tail-slap misses the fire elemental.
The fire elemental is moderately damaged.
The fire elemental barely misses you.
You miss the fire elemental.
The fire elemental is moderately damaged.
The fire elemental barely misses you.
You hit the fire elemental. You tail-slap the fire elemental.
The fire elemental is heavily damaged.
The fire elemental hits you. The fire elemental burns you!
The fire elemental hits you. The fire elemental burns you!
You barely miss the fire elemental.
The fire elemental is heavily damaged.
The fire elemental hits you. The fire elemental burns you!
You barely miss the fire elemental.
The fire elemental is heavily damaged.
The fire elemental hits you. The fire elemental burns you!
You closely miss the fire elemental.
The fire elemental is heavily damaged.
The fire elemental hits you. The fire elemental burns you!
The fire elemental hits you. The fire elemental burns you!
* * * LOW HITPOINT WARNING * * *
You hit the fire elemental.
The fire elemental is severely damaged.
The fire elemental hits you. The fire elemental burns you!
* * * LOW HITPOINT WARNING * * *
You slurp down every last drop of the potion of curing!
You feel better. The fire elemental hits you. The fire elemental burns you!
* * * LOW HITPOINT WARNING * * *
You hit the fire elemental but do no damage.
Your tail-slap misses the fire elemental.
The fire elemental is severely damaged.
The fire elemental hits you. The fire elemental burns you!
* * * LOW HITPOINT WARNING * * *
The fire elemental hits you. The fire elemental burns you!
You die...

.....[..# .......#
......#
######....##+####
#....#.........<. .
#.○..#.$$........ ...
#.☼☼.#..Y<.....(.
.....###E##........###
.......@...........#
........###........#
........# #.#+#+####
....##### #. ... #. ..
#. . #.


You could see a fire elemental.

Vanquished Creatures
  Pikel (D:5)
  Sigmund (D:6)
  3 water moccasins
  3 ice beasts
  An orc warrior (D:5)
  A black bear (D:5)
  A sky beast (D:4)
  2 ogres
  2 lemures (D:5)
  2 bullfrogs (D:7)
  A scorpion (D:5)
  A killer bee (D:7)
  A howler monkey (D:6)
  A jelly (D:6)
  6 hounds
  2 orc priests
  Crazy Yiuf (D:3)
  4 orc wizards
  An iguana (D:5)
  6 adders
  A shadow imp (D:7)
  4 ufetubi
  2 worms
  4 dart slugs
  13 orcs
  11 endoplasms
  4 giant cockroaches
  5 goblins
  8 hobgoblins
  4 jackals (D:5)
  8 kobolds
  5 quokkas
  8 ball pythons
  7 bats
  11 frilled lizards
  7 rats
143 creatures vanquished.

Vanquished Creatures (others)
  18 foxfires
  7 plants (D:3)
25 creatures vanquished.

Grand Total: 168 creatures vanquished

Notes
Turn   | Place    | Note
-------+----------+-------------------------------------------
     0 | D:1      | Pimp the Armataur Cinder Acolyte began the quest for the
                  | Orb.
     0 | D:1      | Reached XP level 1. HP: 19/19 MP: 2/2
    29 | D:1      | Found Motonet's Armour Boutique.
   126 | D:1      | Reached XP level 2. HP: 26/26 MP: 3/3
   310 | D:1      | Reached XP level 3. HP: 30/33 MP: 5/5
   759 | D:2      | Found a faded altar of an unknown god.
  1172 | D:2      | Reached XP level 4. HP: 40/40 MP: 6/6
  1407 | D:2      | Reached skill level 1 in Armour
  1986 | D:3      | Found a runed translucent door.
  1987 | D:3      | Noticed Crazy Yiuf
  2040 | D:3      | Found a transporter.
  2040 | D:3      | Found a transporter.
  2040 | D:3      | Noticed thurberlil's ghost (amateur NaIE)
  2078 | D:3      | Reached XP level 5. HP: 44/48 MP: 7/7
  2085 | D:3      | Reached skill level 1 in Dodging
  2139 | D:3      | Killed Crazy Yiuf
  2921 | D:4      | Noticed an ice beast
  2931 | D:4      | Killed an ice beast
  2932 | D:4      | Reached XP level 6. HP: 28/55 MP: 9/9
  3203 | D:4      | Noticed a sky beast
  3212 | D:4      | Killed a sky beast
  3285 | D:4      | Learned a level 2 spell: Scorch
  3828 | D:5      | Entered Level 5 of the Dungeon
  3936 | D:5      | Found a stormy altar of Qazlal.
  3937 | D:5      | Found an opulent altar of Gozag.
  3937 | D:5      | Found a radiant altar of Vehumet.
  3943 | D:5      | Noticed an ice beast
  3947 | D:5      | Found a snail-covered altar of Cheibriados.
  3947 | D:5      | Found a glowing silver altar of Zin.
  3954 | D:5      | Killed an ice beast
  3955 | D:5      | Reached XP level 7. HP: 25/62 MP: 10/10
  4076 | D:5      | Found a hazy altar of Hepliaklqana.
  4237 | D:5      | Found Erghum's Jewellery Emporium.
  4499 | D:5      | Found a basalt altar of Yredelemnul.
  4556 | D:5      | Reached XP level 8. HP: 61/71 MP: 12/12
  4597 | D:5      | Found a white marble altar of Elyvilon.
  4915 | D:5      | Noticed Pikel
  4932 | D:5      | Killed Pikel
  5062 | D:5      | Got the Opusculum on Ill-starred Evil
  5200 | D:5      | Learned a level 2 spell: Poisonous Vapours
  5204 | D:5      | Learned a level 3 spell: Ignite Poison
  5208 | D:5      | Learned a level 3 spell: Kindle Blastsparks
  5426 | D:6      | Reached skill level 5 in Fighting
  5426 | D:6      | Reached skill level 5 in Armour
  5553 | D:6      | Reached skill level 5 in Fire Magic
  5876 | D:6      | Reached XP level 9. HP: 66/79 MP: 15/15
  5938 | D:6      | Reached skill level 1 in Transmutations
  6027 | D:6      | Reached skill level 1 in Poison Magic
  6031 | D:6      | Noticed Sigmund
  6041 | D:6      | Killed Sigmund
  6431 | D:6      | Found a shimmering altar of Xom.
  6444 | D:6      | Found Jirazawo's Assorted Antiques.
  6670 | D:5      | Fell from the grace of Ignis
  6670 | D:5      | Became a worshipper of Vehumet
  6728 | D:7      | Identified the +1 sling of Xom, Telling {antimagic, Dex+4}
  6743 | D:7      | Reached skill level 1 in Air Magic
  7249 | D:7      | You fall into a shaft and drop 3 floors!
  7249 | D:10     | Entered Level 10 of the Dungeon
  7352 | D:11     | Slain by a fire elemental

Illustrated notes

Levels and vault maps discovered:
D:1:      saegor_arrival_simple_b, layout_rooms, serial_corexii_hall,
          chequers_hall_statues_corner_a, corexii_hall_statues_l, serial_shops,
          shop, grunt_decor_resistance, minivault_26, st_stairs_4
D:2:      layout_loops_ring, nicolae_ecumenical_snake_handling, serial_forest,
          infiniplex_forest_straight_3, infiniplex_forest_corner_2,
          infiniplex_forest_straight_2, infiniplex_forest_lined_3_way,
          infiniplex_forest_straight_3, minmay_tree_intersection,
          chequers_serial_rivers_small_3, minmay_misc_feat_rows,
          minmay_quantized
D:3:      layout_loops_corners, gammafunk_ghost_arena, minmay_lizard_king,
          uniq_crazy_yiuf_cottage
D:4:      layout_basic, kennysheep_minor_cross, kennysheep_potato
D:5:      layout_gridville, kennysheep_ying_yang, grunt_temple_overflow_open,
          serial_shops, nicolae_shop_stone, guppyfry_early_orc_mine, uniq_pikel
D:6:      layout_cave_pods, overflow_temple_1_default, serial_shops, shop,
          uniq_sigmund
D:7:      layout_layer_cave, temple_green
D:10:     layout_basic, minmay_lair_entry_grove, serial_shops,
          nicolae_diamond_shop, trove_entry_hex_spiral,
          minmay_misc_feat_nine_boxes, minivault_22, grunt_ogre_cave
D:11:     layout_irregular_city, minmay_liquid_box,
          pdpol_wu_jian_five_deadly_venoms

Skill      XL: |  1  2  3  4  5  6  7  8  9 |
---------------+----------------------------+-----
Fire Magic     | 3 4 5 |  5.2
Fighting       | 3 4 5 |  5.2
Armour         | 1 2 3 4 5 |  5.5
Axes           | 3 4 |  4.8
Dodging        | 1 2 3 |  3.4
Spellcasting   | 2 3 4 |  4.2
Transmutations | 1 |  1.4
Poison Magic   | 1 |  1.4
Air Magic      | 1 |  1.1

Action                     |  1- 3 |  4- 6 |  7- 9 || total
---------------------------+-------+-------+-------++-------
  Melee: Hand axe          |   134 |   168 |   167 ||   469
         Tailslap          |    14 |     7 |    18 ||    39
         Punch             |       |       |     1 ||     1
   Cast: Scorch            |       |       |     2 ||     2
 Invoke: Fiery Armour      |       |     3 |     7 ||    10
         Foxfire Swarm     |       |     1 |     1 ||     2
  Evoke: Wand              |       |     7 |       ||     7
    Use: Scroll            |       |    10 |     9 ||    19
         Potion            |       |     2 |     2 ||     4
 Armour: Robe              |    20 |       |       ||    20
         Scale mail        |    62 |   109 |   127 ||   298
  Dodge: Dodged            |    67 |    80 |    96 ||   243

Table legend: (Time is in decaauts)
 A = Elapsed time spent in this place.
 B = Non-inter-level travel time spent in this place.
 C = Inter-level travel time spent in this place.
 D = Time resting spent in this place.
 E = Time spent auto-exploring this place.
 F = Levels seen in this place.
 G = Mean time per level.
                   A        B        C        D        E       F      G
               +--------+--------+--------+--------+--------+-----+--------+
         Total |   7406 |   6913 |    493 |   1397 |   4268 |   9 |  822.9 |
       Dungeon |   7406 |   6913 |    493 |   1397 |   4268 |   9 |  822.9 |
               +--------+--------+--------+--------+--------+-----+--------+

Top non-repeatable levels by time:
     D:5: 1601 daAuts
     D:3: 1311 daAuts
     D:6: 1264 daAuts
     D:4: 998 daAuts
     D:2: 929 daAuts
     D:1: 641 daAuts
     D:7: 555 daAuts
    D:11: 57 daAuts
    D:10: 45 daAuts
